 Dungeon Crawl Stone Soup version 0.19-a0-683-g5f2401d (webtiles) character file.

52768 zero the Impaler (level 14, 0/202 HPs)
             Began as a Minotaur Berserker on June 17, 2016.
             Was the Champion of Trog.
             Slain by Rupert
             ... wielding a +2 battleaxe of freezing
              (25 damage)
             ... on level 6 of the Lair of Beasts.
             The game lasted 00:31:42 (20567 turns).

zero the Impaler (Minotaur Berserker)              Turns: 20567, Time: 00:31:43

Health: 0/202      AC: 25    Str: 32    XL:     14   Next: 28%
Magic:  4/4        EV:  9    Int:  4    God:    Trog [******]
Gold:   1540       SH:  0    Dex: 10    Spells: 0 memorised, 13 levels left

rFire  . . .     SeeInvis .     L - +9 bardiche (antimagic)
rCold  . . .     Gourm    +     x - +0 plate armour
rNeg   . . .     Faith    .     (shield currently unavailable)
rPois  +         Spirit   .     (helmet restricted)
rElec  .         Dismiss  .     G - +2 cloak
rCorr  .         Reflect  .     s - +1 pair of gloves
SustAt +         Harm     .     P - +0 pair of boots
MR     +++..                    d - amulet of the gourmand
Stlth  ..........               n - ring of sustain attributes
                                g - ring of poison resistance

@: berserking, regenerating, very quick, extremely resistant to hostile
enchantments, extremely unstealthy
A: retaliatory headbutt, horns 2
a: Berserk, Trog's Hand, Brothers in Arms, Burn Spellbooks, Renounce Religion


You were on level 6 of the Lair of Beasts.
You worshipped Trog.
Trog was exalted by your worship.
You were very full.

You visited 2 branches of the dungeon, and saw 19 of its levels.

You collected 1540 gold pieces.

Inventory:

Hand Weapons
 L - a +9 antimagic bardiche (weapon)
Armour
 s - a +1 pair of gloves (worn)
 x - a +0 plate armour (worn)
 G - a +2 cloak (worn)
 P - a +0 pair of boots (worn)
Jewellery
 d - an amulet of the gourmand (around neck)
 e - an uncursed ring of magical power {unknown}
 g - a ring of poison resistance (left hand)
 n - a ring of sustain attributes (right hand)
 p - an uncursed ring of stealth
 I - the amulet of the Bull {+Rage rN++ MR+}
   (You found it on level 10 of the Dungeon)

   [amulet of rage]

   It greatly protects you from negative energy.
   It affects your resistance to hostile enchantments.
   It lets you go berserk.
 K - a +3 ring of evasion {unknown}
 U - an uncursed ring of positive energy {unknown}
Wands
 o - a wand of confusion (20/48)
 r - a wand of slowing (29/48)
 t - a wand of flame (29/48)
 u - a wand of flame (21/48)
 y - a wand of disintegration (0/24)
 z - a wand of iceblast (7/15)
 A - a wand of disintegration (17/24)
 J - a wand of acid (5/15)
 M - a wand of paralysis (14/24)
Scrolls
 b - 8 scrolls of remove curse
 h - a scroll of fog
 i - 4 scrolls of teleportation
 v - 5 scrolls of recharging
 w - 4 scrolls of fear
 D - 2 scrolls of immolation
 V - a scroll of silence
 W - a scroll of magic mapping
Potions
 k - 2 potions of heal wounds
 l - 9 potions of curing
 m - 3 potions of magic
 B - 3 potions of might
 E - a potion of cure mutation
 F - 3 potions of invisibility
 H - a potion of agility
 N - a potion of berserk rage
 R - a potion of flight
Miscellaneous
 a - a phantom mirror
Comestibles
 c - 13 bread rations
 f - 5 meat rations
 j - 3 slices of pizza
 q - 10 royal jellies
 O - 21 fruits


   Skills:
 + Level 15.2 Fighting
 * Level 19.2 Polearms
 + Level 15.2 Armour
 - Level 2.1 Dodging


You had 13 spell levels left.
You didn't know any spells.

Dungeon Overview and Level Annotations

Branches:
Dungeon (13/15)            Temple (0/1) D:6            Lair (6/6) D:10
  Swamp (0/4) Lair:2       Spider (0/4) Lair:3        Slime (0/5) Lair:5
    Orc (0/2) D:12
 Vaults: D:13-14

Altars:
Ashenzari
Cheibriados
Dithmenos
Fedhas
Hepliaklqana
Pakellas
Qazlal
Sif Muna
Uskayaw
Vehumet
The Shining One
Beogh
Jiyva

Shops:
D:6 (   D:7 }   D:10 :

Annotations:
Lair:6 Rupert


Innate Abilities, Weirdness & Mutations

You reflexively headbutt those who attack you in melee.
You have a pair of horns on your head.


Message History

Rupert freezes you.
You slice Rupert!!
Rupert's magic leaks into the air.
Rupert is lightly wounded.
Rupert hits you with a battleaxe of freezing!
* * * LOW HITPOINT WARNING * * *
Rupert freezes you.
* * * LOW HITPOINT WARNING * * *
You slash Rupert!
Rupert's magic leaks into the air.
Your headbutt misses Rupert.
Rupert is moderately wounded.
Rupert hits you with a battleaxe of freezing!!
* * * LOW HITPOINT WARNING * * *
Rupert freezes you.
* * * LOW HITPOINT WARNING * * *
You closely miss Rupert. You headbutt Rupert!!
Rupert is moderately wounded.
You slice Rupert!!
Rupert's magic leaks into the air.
You headbutt Rupert!
Rupert is severely wounded.
Rupert hits you with a battleaxe of freezing!!
You die...

P.......[#.###.........;$≈..
#..........##.÷..#....$....≈.
.......#.....÷.....PP........
.............P......P........
#.......#..<.................
#.........†...P..............
##...#.#P.............PP.PP..
#.###.#....#.........PPPP...
### ##....#....@#†........P.
#....##....@...........
#.....#................
#.....P##.......P.......
#####P.#......###.....#.
#........## ...##..
#.........# #### .
##........## #.##....#.#


You could see Rupert (berserk).

Vanquished Creatures
  The ghost of zero the Impaler, a journeyman HOBe of Trog (Lair:3)
  Snorg (Lair:5)
  7 hydras
  The ghost of st0uf the Cleaver, a novice FoFi of Kikubaaqudgha (D:9)
  Nergalle (Lair:2)
  An unseen horror (D:9)
  2 hill giants
  A wolf spider (Lair:3)
  2 griffons
  2 ugly things
  2 oklob plants
  A cyclops (D:11)
  10 elephants (Lair:3)
  4 black mambas
  15 spiny frogs
  2 rime drakes (Lair:6)
  7 komodo dragons
  A queen bee (D:12)
  2 trolls
  A giant leech (Lair:6)
  2 two-headed ogres (D:12)
  20 blink frogs
  3 slime creatures (D:12)
  A wraith (D:12)
  4 spriggans (Lair:5)
  40 yaks
  3 wyverns
  A basilisk (Lair:1)
  7 hippogriffs
  6 vampire mosquitoes
  2 hungry ghosts
  3 wargs
  11 water moccasins
  5 sky beasts
  3 orc warriors
  10 porcupines
  2 ice beasts
  A phantom (D:8)
  A black bear (D:7)
  An eye of draining (D:11)
  3 wolves (Lair:5)
  2 necrophages
  12 ogres
  4 centaurs
  10 crocodiles
  3 big kobolds
  23 giant frogs
  A gnoll sergeant (D:10)
  A water moccasin skeleton (D:10)
  2 scorpions
  27 killer bees
  7 wights
  4 electric eels
  3 howler monkeys
  7 crimson imps
  2 quasits
  5 centaur skeletons
  A jelly (D:9)
  6 hounds
  17 orc wizards
  2 giant frog skeletons
  9 orc priests
  7 iguanas
  Natasha (twice) (D:2)
  10 hell rats (Lair:1)
  10 worker ants
  8 sheep (Lair:2)
  A hound zombie (D:11)
  2 hound skeletons
  2 howler monkey zombies
  2 worker ant zombies
  Robin (D:2)
  59 river rats
  5 adders
  3 gnolls (D:10)
  5 shadow imps
  3 oozes
  2 adder zombies
  An adder skeleton (D:4)
  2 worms
  A dart slug (D:4)
  4 giant geckos
  70 orcs
  6 giant cockroaches
  18 goblins
  9 hobgoblins
  8 jackals
  12 kobolds
  6 quokkas
  A ball python (D:4)
  13 bats
  A giant gecko zombie (D:5)
  7 giant newts
  A quokka zombie (D:7)
  24 rats
  A butterfly (Lair:5)
  A fungus (Lair:2)
  A plant (Lair:5)
650 creatures vanquished.

Vanquished Creatures (collateral kills)
  A hydra (Lair:6)
  A crocodile (Lair:6)
  3 killer bees (D:12)
5 creatures vanquished.

Vanquished Creatures (others)
  6 fungi
  31 plants
  14 toadstools (Lair:5)
51 creatures vanquished.

Grand Total: 706 creatures vanquished

Notes
Turn   | Place    | Note
--------------------------------------------------------------
     0 | D:1      | zero the Minotaur Berserker began the quest for the Orb.
     0 | D:1      | Reached XP level 1. HP: 19/19 MP: 0/0
   193 | D:1      | Reached skill level 4 in Polearms
   357 | D:1      | Reached XP level 2. HP: 26/26 MP: 1/1
   738 | D:2      | Reached ** piety under Trog
   787 | D:2      | Reached skill level 5 in Polearms
   819 | D:2      | Reached XP level 3. HP: 31/31 MP: 2/2
   929 | D:2      | Noticed Robin
   948 | D:2      | Killed Robin
  1176 | D:2      | Reached XP level 4. HP: 38/39 MP: 3/3
  1228 | D:2      | Reached skill level 6 in Polearms
  1246 | D:2      | Found a shadowy altar of Dithmenos.
  1251 | D:2      | Noticed Natasha
  1265 | D:2      | Killed Natasha
  1539 | D:2      | Noticed Natasha
  1548 | D:2      | Killed Natasha
  1548 | D:2      | Reached XP level 5. HP: 29/45 MP: 4/4
  1582 | D:3      | Reached skill level 7 in Polearms
  1955 | D:3      | Found a faded altar of an unknown god.
  2026 | D:3      | Reached *** piety under Trog
  2201 | D:3      | Gained mutation: Your spells are a little harder to cast, but a little more powerful. [potion of mutation]
  2201 | D:3      | Gained mutation: You are frail. (-10% HP) [potion of mutation]
  2201 | D:3      | Gained mutation: You are dopey. (Int -2) [potion of mutation]
  2412 | D:4      | Reached skill level 8 in Polearms
  2417 | D:4      | Reached XP level 6. HP: 44/45 MP: 5/5
  2475 | D:4      | Found a shattered altar of Ashenzari.
  2769 | D:4      | Reached skill level 9 in Polearms
  3293 | D:4      | Reached **** piety under Trog
  3487 | D:5      | Entered Level 5 of the Dungeon
  3495 | D:5      | Reached XP level 7. HP: 47/51 MP: 6/6
  3708 | D:5      | Reached skill level 10 in Polearms
  4177 | D:6      | Reached skill level 11 in Polearms
  4297 | D:6      | Found a staircase to the Ecumenical Temple.
  4472 | D:6      | Found Igeniv's Antique Weapon Shoppe.
  4504 | D:6      | Reached XP level 8. HP: 59/59 MP: 7/7
  4737 | D:7      | Found a hide-covered altar of Uskayaw.
  4739 | D:7      | Found a radiant altar of Vehumet.
  4739 | D:7      | Found a snail-covered altar of Cheibriados.
  4739 | D:7      | Found a hazy altar of Hepliaklqana.
  4745 | D:7      | Reached ***** piety under Trog
  4751 | D:7      | Found an oddly glowing altar of Pakellas.
  4919 | D:7      | Reached skill level 5 in Fighting
  4966 | D:7      | Reached skill level 5 in Armour
  5032 | D:7      | Found a deep blue altar of Sif Muna.
  5200 | D:7      | Found Xoraare's Gadget Shoppe.
  5254 | D:7      | Reached skill level 12 in Polearms
  5424 | D:7      | Reached XP level 9. HP: 43/70 MP: 8/8
  5554 | D:7      | Lost mutation: You are frail. (-10% HP) [potion of cure mutation]
  5554 | D:7      | Lost mutation: Your spells are a little harder to cast, but a little more powerful. [potion of cure mutation]
  5554 | D:7      | Lost mutation: You are dopey. (Int -2) [potion of cure mutation]
  5831 | D:8      | Found a stormy altar of Qazlal.
  6102 | D:8      | Found a glowing golden altar of the Shining One.
  6522 | D:9      | Noticed st0uf's ghost (novice FoFi)
  6535 | D:9      | Killed st0uf's ghost
  6535 | D:9      | Reached skill level 13 in Polearms
  7032 | D:9      | Killed an unseen horror
  7032 | D:9      | Reached XP level 10. HP: 52/90 MP: 9/9
  7458 | D:9      | Found a roughly hewn altar of Beogh.
  7999 | D:10     | Entered Level 10 of the Dungeon
  8022 | D:10     | Received a gift from Trog
  8288 | D:10     | Found Okladghott's Book Shoppe.
  8297 | D:10     | Reached skill level 10 in Fighting
  8331 | D:10     | Noticed a hill giant
  8338 | D:10     | Killed a hill giant
  8338 | D:10     | Reached skill level 10 in Armour
  8352 | D:10     | Reached skill level 14 in Polearms
  8731 | D:10     | Reached XP level 11. HP: 56/101 MP: 10/10
  9005 | D:10     | Found a staircase to the Lair.
  9244 | D:10     | Received a gift from Trog
  9464 | D:10     | Got a flickering zirconium amulet
  9467 | D:10     | Identified the amulet of the Bull {+Rage rN++ MR+} (You found it on level 10 of the Dungeon)
  9594 | D:11     | Noticed a seven-headed hydra
  9602 | D:11     | Killed a ten-headed hydra
 10167 | D:11     | Noticed a red ugly thing
 10175 | D:11     | Killed a red ugly thing
 10433 | D:12     | Found a staircase to the Orcish Mines.
 10778 | D:12     | Reached skill level 15 in Polearms
 11643 | D:12     | Noticed a hill giant
 11652 | D:12     | Killed a hill giant
 11652 | D:12     | Reached XP level 12. HP: 67/113 MP: 11/11
 12475 | Lair:1   | Entered Level 1 of the Lair of Beasts
 12526 | Lair:1   | Received a gift from Trog
 12975 | Lair:1   | Reached skill level 16 in Polearms
 13872 | Lair:2   | Noticed Nergalle
 13881 | Lair:2   | Killed Nergalle
 13976 | Lair:2   | Received a gift from Trog
 14195 | Lair:2   | Found a staircase to the Swamp.
 14585 | Lair:3   | Noticed a six-headed hydra
 14596 | Lair:3   | Killed a 12-headed hydra
 14610 | Lair:3   | Reached XP level 13. HP: 53/123 MP: 4/12
 14845 | Lair:3   | Noticed zero's ghost (journeyman HOBe)
 14854 | Lair:3   | Killed zero's ghost
 14854 | Lair:3   | Reached skill level 17 in Polearms
 15127 | Lair:3   | Found a hole to the Spider Nest.
 15167 | Lair:3   | Found a shadowy altar of Dithmenos.
 15420 | Lair:3   | Received a gift from Trog
 17196 | Lair:4   | Reached skill level 18 in Polearms
 18074 | Lair:5   | Found a staircase to the Slime Pits.
 18075 | Lair:5   | Found a viscous altar of Jiyva.
 18078 | Lair:5   | Reached ****** piety under Trog
 18274 | Lair:5   | Noticed Snorg
 18282 | Lair:5   | Killed Snorg
 18600 | Lair:5   | Received a gift from Trog
 18799 | Lair:5   | Found a blossoming altar of Fedhas.
 19339 | Lair:6   | Entered Level 6 of the Lair of Beasts
 19494 | Lair:6   | Reached XP level 14. HP: 86/133 MP: 4/13
 19503 | Lair:6   | Reached skill level 15 in Armour
 19830 | Lair:6   | Reached skill level 15 in Fighting
 20166 | Lair:6   | Received a gift from Trog
 20176 | Lair:6   | Reached skill level 19 in Polearms
 20554 | Lair:6   | Noticed Rupert
 20567 | Lair:6   | Slain by Rupert

Vault maps used:
D:1:      dpeg_arrival_houses_and_road, serial_glass, glass_columns_a,
          glass_columns_a
D:2:      kennysheep_goblin_castle, nicolae_dithmenos_shadow_blocks,
          kennysheep_generic_room_15, uniq_natasha
D:3:      ecumenical_altar_1
D:4:      lemuel_doored_altar, first_bread
D:6:      minmay_temple_entry_trees, serial_shops, kennysheep_little_box
D:7:      old_standard_altar, grunt_temple_overflow_open, serial_shops,
          nicolae_shop_crystal, grunt_ogre_cave
D:8:      tso_altar, nicolae_qazlal_general_emergency
D:9:      special_room
D:10:     kennysheep_windowed_halls, erik_lair_orcish_takeover, serial_shops,
          shop_statue, minmay_large_rounded_square
D:12:     orc_0_dummy, special_room, st_stairs_1, kennysheep_nondescript, pond
D:13:     uniq_josephine
Lair:1:   lemuel_ratsnest, beast_lair_carwin_3, serial_bayou_shore_a
Lair:2:   minmay_lair_oklob_items, minmay_swamp_entry_swarm, special_room,
          uniq_nergalle
Lair:3:   spider_nest_entry_rubble, serial_bayou, serial_bayou_pond_a,
          serial_bayou_lagoon_a, serial_bayou_shore_b, serial_bayou_lake_a,
          basic_altar, minmay_lindwurm_lava
Lair:4:   hibernation_bobbens, lemuel_fruit_tree, grunt_megastairs_1
Lair:5:   wad_woods_settlement, slime_altar_1,
          eino_small_chamber_without_monster, grunt_forest_small_clearings,
          tgw_fedhas, lemuel_fruit_fields, uniq_snorg
Lair:6:   minmay_lair_end_frog_pond, uniq_rupert

Skill      XL: |  1  2  3  4  5  6  7  8  9 10 11 12 13 14 |
---------------+-------------------------------------------+-----
Polearms       | 4 5 6 8 9 11 12 13 14 15 16 18 19 | 19.2
Fighting       | 4 6 8 10 12 13 14 15 | 15.2
Armour         | 3 6 8 10 12 13 14 15 | 15.2
Dodging        | |  2.1

Action                   |  1- 3 |  4- 6 |  7- 9 | 10-12 | 13-15 || total
-------------------------+-------+-------+-------+-------+-------++-------
Melee: Spear             |    98 |   205 |   472 |   229 |       ||  1004
       Headbutt          |     9 |    25 |    94 |   169 |    75 ||   372
       Trident           |       |       |       |    87 |       ||    87
       Halberd           |       |       |       |   363 |       ||   363
       Bardiche          |       |       |       |   214 |   414 ||   628
Invok: Berserk           |     1 |     1 |     3 |    10 |     9 ||    24
       Trog's Hand       |     1 |       |     1 |     1 |     2 ||     5
       Burn Spellbooks   |       |       |     2 |     3 |     1 ||     6
       Brothers in Arms  |       |       |       |     1 |     1 ||     2
Evoke: Wand              |       |       |       |     2 |       ||     2
  Use: Scroll            |     1 |     9 |     6 |    11 |     4 ||    31
       Potion            |       |     5 |     4 |     2 |     1 ||    12
 Stab: Sleeping          |     1 |       |       |       |       ||     1
       Distracted        |       |       |       |       |     1 ||     1
  Eat: Chunk             |     2 |     7 |     5 |    49 |    29 ||    92
       Pizza             |       |     1 |       |     1 |       ||     2
       Beef jerky        |       |       |     8 |     1 |       ||     9
       Meat ration       |       |       |     1 |       |       ||     1
       Bread ration      |       |       |     1 |       |       ||     1
Armor: Scale mail        |     5 |       |       |       |       ||     5
       Chain mail        |    43 |    85 |    29 |       |       ||   157
       Plate armour      |       |       |   175 |   473 |   388 ||  1036
Dodge: Dodged            |    36 |    68 |    69 |   314 |   232 ||   719
